 Dungeon Crawl Stone Soup version 0.24-a0-250-g6074511 (webtiles) character file.

Game seed: 2629701589036978470

41 Borgoz the Cutter (level 3, -1/22 HPs)
             Began as a Kobold Gladiator on Apr 14, 2019.
             Slain by an adder (4 damage)
             ... on level 2 of the Dungeon.
             The game lasted 00:01:18 (860 turns).

Borgoz the Cutter (Kobold Gladiator)                 Turns: 860, Time: 00:01:19

Health: -1/22      AC:  1    Str: 12    XL:     3   Next: 75%
Magic:  3/3        EV: 16    Int:  9    God:
Gold:   103        SH:  0    Dex: 16    Spells: 2/2 levels left

rFire    . . .     SeeInvis .   a - +0 rapier
rCold    . . .     Gourm    .   (shield restricted)
rNeg     . . .     Faith    .   b - +0 leather armour
rPois    .         Spirit   .   c - +0 helmet
rElec    .         Reflect  .   (no cloak)
rCorr    .         Harm     .   (no gloves)
MR       .....                  (no boots)
Stlth    +.........             (no amulet)
HPRegen  0.07/turn              n - -3 ring of protection (curse)
MPRegen  0.08/turn              (no ring)

@: lethally poisoned (-1 -> -5)
A: small, carnivore
a: no special abilities


You were on level 2 of the Dungeon.
You were very full.

You visited 1 branch of the dungeon, and saw 2 of its levels.

You collected 103 gold pieces.

Inventory:

Hand Weapons
 a - a +0 rapier (weapon)
Missiles
 d - 3 throwing nets (quivered)
Armour
 b - a +0 leather armour (worn)
 c - a +0 helmet (worn)
Jewellery
 n - a cursed -3 ring of protection (left hand)
Scrolls
 g - a scroll of remove curse {unknown}
 h - a scroll of enchant armour {unknown}
 i - 4 scrolls of identify
 j - 2 scrolls of magic mapping
 l - a scroll of random uselessness {unknown}
Potions
 k - a potion of haste
Comestibles
 f - 6 rations


   Skills:
 + Level 2.8 Fighting
 + Level 4.5 Short Blades
 - Level 2.1 Throwing
 + Level 1.0 Armour
 + Level 4.1 Dodging


You had 2 spell levels left.
You didn't know any spells.
Your spell library was empty.

Dungeon Overview and Level Annotations

Branches:
Dungeon (2/15)

Altars:
Yredelemnul


Innate Abilities, Weirdness & Mutations

You are small and have problems with some larger weapons.
You are carnivorous and can eat meat at any time.


Message History

You feel sick. The adder bites you.
You closely miss the adder.
The adder is moderately wounded.
The adder completely misses you.
You barely miss the adder.
The adder is moderately wounded.
You feel sick. The adder bites you. x2
* * * LOW HITPOINT WARNING * * *
You hit the adder.
The adder is almost dead.
The adder barely misses you.
Okay, then.
You barely miss the adder.
The adder is almost dead.
* * * LOW HITPOINT WARNING * * *
You feel sick. The adder closely misses you.
You hit the adder.
The adder is almost dead.
The adder closely misses you. The adder bites you.
You die...

....#...#.... ..#
.....................##
..[......<............
#.......###..........#
#...#...........$....#
#...#..####..........#
#...#.>...+..........#
#...#.#####.....S...#
#...#.# #.....@...##
#...#.# ######(....#
#...#.# #.....# #...#.#
#.....# ......# #....)#
##..###### #.....#
.....)...#######.....#.
######.................#
#.รท.......##.....#######


You could see an adder.

Vanquished Creatures
  An adder (D:2)
  An ooze (D:2)
  2 dart slugs (D:1)
  3 leopard geckos
  A giant cockroach (D:1)
  A goblin (D:1)
  2 hobgoblins (D:2)
  3 bats
  2 frilled lizards
  A kobold (D:1)
  6 rats
23 creatures vanquished.

Notes
Turn   | Place    | Note
-------+----------+-------------------------------------------
     0 | D:1      | Borgoz the Kobold Gladiator began the quest for the Orb.
     0 | D:1      | Reached XP level 1. HP: 12/12 MP: 1/1
   159 | D:1      | Reached XP level 2. HP: 13/18 MP: 2/2
   574 | D:2      | Found a basalt altar of Yredelemnul.
   578 | D:2      | Reached XP level 3. HP: 22/22 MP: 3/3
   702 | D:2      | Reached skill level 1 in Armour
   860 | D:2      | Slain by an adder

Levels and vault maps discovered:
D:1:      dpeg_arrival_water_temple_mockup, layout_rooms,
          minmay_misc_feat_hallway
D:2:      layout_basic, makhleb_grotto_becter, yredelemnul_altar_generic,
          minmay_cut_off

Skill      XL: |  1  2  3 |
---------------+----------+-----
Dodging        | 4 |  4.1
Armour         | 1 |  1.0
Fighting       | |  2.8
Short Blades   | |  4.5
Throwing       | |  2.1

Action                   || total
-------------------------++-------
Melee: Rapier            ||    72
  Use: Scroll            ||     3
  Eat: Chunk             ||     7
Armor: Leather armour    ||     6
Dodge: Dodged            ||    41

Table legend:
 A = Non-vault XP
 B = Vault XP
 C = Vault XP percentage of total XP
 D = Non-vault monster count
 E = Vault monster count
 F = Vault count percentage of total count
                 A         B        C        D         E       F
            +---------+---------+-------+---------+---------+-------
      Total |      41 |      18 |  30.5 |      20 |       3 |  13.0
            +---------+---------+-------+---------+---------+-------
        D:1 |      23 |       0 |   0.0 |      13 |       0 |   0.0
        D:2 |      18 |      18 |  50.0 |       7 |       3 |  30.0
            +---------+---------+-------+---------+---------+-------
